 Dungeon Crawl Stone Soup version 0.28.0-53-g5a82cb258f (webtiles) character file.

Game seed: 3418576654940731472

51 nickcage the Skirmisher (level 4, -1/37 HPs)
             Began as a Formicid Abyssal Knight on May 24, 2022.
             Was a Follower of Lugonu.
             Slain by a rat (2 damage)
             ... on level 2 of the Dungeon.
             The game lasted 00:04:00 (1866 turns).

nickcage the Skirmisher (Formicid Abyssal Knight)   Turns: 1866, Time: 00:04:01

Health: -1/37      AC:  5    Str: 20    XL:     4   Next: 7%
Magic:  5/5        EV: 10    Int:  9    God:    Lugonu [*.....]
Gold:   50         SH:  0    Dex: 11    Spells: 3/3 levels left

rFire   . . .      SeeInvis +   a - +1 mace
rCold   . . .      Faith    .   (no shield)
rNeg    . . .      Spirit   .   h - +0 ring mail
rPois   .          Reflect  .   (helmet unavailable)
rElec   .          Harm     .   (no cloak)
rCorr   .          Rampage  .   (no gloves)
Will    .....                   (no boots)
Stlth   ..........              (no amulet)
HPRegen 0.12/turn               (no ring)
MPRegen 0.09/turn               (no ring)

@: confused, lethally poisoned (-1 -> -8)
A: permanent stasis, dig shafts and tunnels, antennae 3, four strong arms
a: Dig, Shaft Self, Renounce Religion, Depart the Abyss


You were on level 2 of the Dungeon.
You worshipped Lugonu.
Lugonu was aware of your devotion.
You visited 1 branch of the dungeon, and saw 2 of its levels.
You visited the Abyss 1 time.

You collected 50 gold pieces.

Inventory:

Hand Weapons
 a - a +1 mace (weapon)
Armour
 b - a +0 leather armour
 h - a +0 ring mail (worn)
Scrolls
 c - 4 scrolls of magic mapping {unknown}
 d - a scroll of fear {unknown}
 e - 3 scrolls of identify {unknown}
 f - a scroll of teleportation {unknown}
 g - 2 scrolls of enchant weapon {unknown}
Potions
 i - a potion of haste {unknown}
 j - a potion of berserk rage {unknown}


   Skills:
 - Level 4.0 Fighting
 + Level 3.2 Maces & Flails
 + Level 2.6 Armour
 - Level 0.8 Dodging
 - Level 2.1 Invocations


You had 3 spell levels left.
You didn't know any spells.
Your spell library was empty.

Dungeon Overview and Level Annotations

Branches:
Dungeon (2/15)

Altars:

Shops:
D:1 (

Annotations:
D:2 Ijyb, Natasha


Innate Abilities, Weirdness & Mutations

You cannot be hasted, slowed, berserked, paralysed or teleported.
You can dig through walls and to a lower floor.
You have a pair of large antennae on your head. (SInv)
Your four strong arms can wield two-handed weapons with a shield.


Message History

You feel sick.
You are no longer poisoned.
Ijyb zaps a wand.
You resist with some effort.
You barely miss Ijyb.
Ijyb is heavily wounded.
Ijyb hits you with a +0 club. x2
You are too injured to fight recklessly!
You are too injured to fight recklessly!
You are too injured to fight recklessly!
You closely miss Ijyb.
Ijyb is heavily wounded.
The rat bites you but does no damage.
Ijyb zaps a wand.
Your will is overpowered!
You are confused.
You bump into the granite statue.
The rat bites you but does no damage.
Ijyb zaps a wand.
You resist with some effort.
You closely miss the rat. The rat bites you. Ijyb hits you with a +0 club.
You bump into the rock wall.
Ijyb hits you with a +0 club.
* * * LOW HITPOINT WARNING * * *
The rat misses you.
You bump into the granite statue.
The rat bites you but does no damage. Ijyb hits you with a +0 club.
* * * LOW HITPOINT WARNING * * *
You closely miss Ijyb.
Ijyb is heavily wounded.
The rat closely misses you.
Ijyb zaps a wand.
Your will is overpowered!
You are more confused.
Items here: )))) †††.
Ijyb throws a poisoned dart.
The poisoned dart hits you!
You are poisoned.
* * * LOW HITPOINT WARNING * * *
You feel sick.
Ijyb throws a poisoned dart.
The poisoned dart hits you!
You are lethally poisoned!
* * * LOW HITPOINT WARNING * * *
You feel very sick.
You bump into the rock wall.
* * * LOW HITPOINT WARNING * * *
You feel sick.
The rat twitches its whiskers.
The rat bites you.
You die...

#####..........#
###..
##..............#
####.
#..##.......##.##
#....
#........#######
#.### ...##....#
####.# ..
#.<..#8.!...8#....#
.
#....#.......######
#....#8.....8
#...@#.......
####r#8..?..8
#.#.......
#g#8.....8
#.).......
##)......(
#########


You could see Ijyb and a rat.

Vanquished Creatures
  A worm (D:2)
  A dart slug (D:1)
  3 bats (D:1)
  2 endoplasms
  4 giant cockroaches
  10 goblins
  2 hobgoblins (D:1)
  3 quokkas
  4 ball pythons
  2 frilled lizards (D:1)
  5 kobolds (D:2)
  6 rats
43 creatures vanquished.

Notes
Turn   | Place    | Note
-------+----------+-------------------------------------------
     0 | Abyss:1  | nickcage the Formicid Abyssal Knight began the quest for
                  | the Orb.
     0 | Abyss:1  | Reached XP level 1. HP: 18/18 MP: 2/2
     0 | D:1      | Escaped the Abyss
   329 | D:1      | Reached XP level 2. HP: 24/24 MP: 3/3
   623 | D:1      | Reached * piety under Lugonu
   906 | D:1      | Reached XP level 3. HP: 30/30 MP: 4/4
  1040 | D:1      | Found Plog's Antique Weapon Shop.
  1361 | D:2      | Reached skill level 4 in Fighting
  1617 | D:2      | Noticed Natasha
  1823 | D:2      | Noticed Ijyb
  1835 | D:2      | Reached XP level 4. HP: 37/37 MP: 5/5
  1866 | D:2      | HP: 1/37 [poisoned by Ijyb]
  1866 | D:2      | Slain by a rat

Illustrated notes

Levels and vault maps discovered:
D:1:      lightli_arrival_boilingwater, layout_loops_ring, serial_shops,
          nicolae_shop_window_shopping, nrook_mini_backslash
D:2:      kennysheep_the_goblin_king, layout_rooms, kennysheep_generic_room_5,
          uniq_natasha

Skill      XL: |  1  2  3 |
---------------+----------+-----
Fighting       | 4 |  4.0
Maces & Flails | 3 |  3.2
Armour         | |  2.6
Dodging        | |  0.8
Invocations    | |  2.1

Action                   |  1- 3 |  4- 6 || total
-------------------------+-------+-------++-------
Melee: Mace              |   103 |    18 ||   121
       Punch             |     3 |       ||     3
Invok: Depart the Abyss  |     1 |       ||     1
Armor: Leather armour    |     8 |       ||     8
       Ring mail         |    23 |     9 ||    32
Dodge: Dodged            |    73 |     6 ||    79
